 Dungeon Crawl Stone Soup version 0.19-a0-1201-gda63bca (webtiles) character file.

123 inmateoo the Skirmisher (level 4, 0/35 HPs)
             Began as a Mummy Fighter on Aug 21, 2016.
             Slain by an iguana (1 damage)
             ... on level 6 of the Dungeon.
             The game lasted 00:04:59 (2791 turns).

inmateoo the Skirmisher (Mummy Fighter)             Turns: 2791, Time: 00:05:00

Health: 0/35       AC:  8    Str: 20    XL:     4   Next: 80%
Magic:  4/4        EV:  7    Int:  7    God:
Gold:   64         SH:  9    Dex: 11    Spells: 0 memorised, 3 levels left

rFire  x . .     SeeInvis .     a - +1 long sword
rCold  + . .     Gourm    .     b - +0 scale mail
rNeg   + + +     Faith    .     c - +0 shield
rPois  ∞         Spirit   .     d - +0 helmet
rElec  .         Dismiss  +     (no cloak)
rCorr  .         Reflect  .     f - +0 pair of gloves
MR     .....     Harm     .     (no boots)
Stlth  ..........               i - amulet of dismissal
                                (no ring)
                                g - ring of wizardry

@: no status effects
A: no food or potions, fire vulnerability, cold resistance 1, negative energy
resistance 3, torment resistance, unbreathing
a: no special abilities


You were on level 6 of the Dungeon.
You were not hungry.

You visited 1 branch of the dungeon, and saw 4 of its levels.

You collected 172 gold pieces.
You spent 108 gold pieces at shops.

Inventory:

Hand Weapons
 a - a +1 long sword (weapon)
Armour
 b - a +0 scale mail (worn)
 c - a +0 shield (worn)
 d - a +0 helmet (worn)
 f - a +0 pair of gloves (worn)
Jewellery
 g - a ring of wizardry (left hand)
 i - an amulet of dismissal (around neck)
Scrolls
 e - 3 scrolls of noise
 h - a scroll of remove curse


   Skills:
 + Level 3.5 Fighting
 * Level 2.8 Long Blades
 + Level 2.7 Armour
 + Level 0.7 Dodging
 + Level 3.0 Shields


You had 3 spell levels left.
You didn't know any spells.

Dungeon Overview and Level Annotations

Branches:
Dungeon (3/15)

Altars:
Makhleb
Ru

Shops:
D:6 [

Annotations:
D:2 Sigmund


Innate Abilities, Weirdness & Mutations

You do not eat or drink.
Your flesh is vulnerable to fire.
You are immune to poison.
Your flesh is cold resistant. (rC+)
You are immune to negative energy. (rN+++)
You are immune to unholy pain and torment.
You can survive without breathing.


Message History

The iguana is moderately wounded.
You block the iguana's attack.
You barely miss the iguana.
The iguana is moderately wounded.
The iguana barely misses you. The iguana bites you!
* * * LOW HITPOINT WARNING * * *
Your shield and scale mail prevent you from hitting the iguana.
The iguana is moderately wounded.
You block the iguana's attack.
You can't drink.
Unknown command.
Okay, then.
You aren't carrying any items that you can evoke.
You hit the iguana.
The iguana is heavily wounded.
The iguana barely misses you.
You hit the iguana.
The iguana is heavily wounded.
You block the iguana's attack. The iguana bites you.
You die...

...###.###...........#
#...#
#...#..........##
#...# ###.############
###...# #!# .....#
###.##### #..l#
#.......# #####...#
#.......#
........###.......#
#.....l@..##...##
########..#.._..#
#..###∩### #..# ###
####


You could see an iguana.

Vanquished Creatures
  A hound (D:6)
  Robin (D:3)
  2 adders
  An ooze (D:2)
  2 worms (D:2)
  A giant cockroach (D:1)
  13 hobgoblins
  2 jackals (D:1)
  A quokka (D:2)
  A ball python (D:3)
  3 bats (D:2)
  4 giant newts
  10 goblins
  7 kobolds
  7 rats
56 creatures vanquished.

Notes
Turn   | Place    | Note
-------+----------+-------------------------------------------
     0 | D:1      | inmateoo the Mummy Fighter began the quest for the Orb.
     0 | D:1      | Reached XP level 1. HP: 18/18 MP: 1/1
   209 | D:1      | Reached XP level 2. HP: 22/24 MP: 2/2
  1057 | D:2      | Reached XP level 3. HP: 29/29 MP: 3/3
  1528 | D:2      | Noticed Sigmund
  2053 | D:2      | Reached XP level 4. HP: 35/35 MP: 4/4
  2221 | D:3      | Noticed Robin
  2239 | D:3      | Killed Robin
  2428 | D:3      | Found a sacrificial altar of Ru.
  2561 | D:3      | You fall through a shaft for 3 floors!
  2565 | D:6      | Found Sainn's Antique Armour Shop.
  2568 | D:6      | Bought a pair of gloves for 108 gold pieces
  2591 | D:6      | Found a burning altar of Makhleb.
  2788 | D:6      | HP: 1/35 [iguana (9)]
  2791 | D:6      | Slain by an iguana

Vault maps used:
D:1:      evilmike_arrival_fibonacci_small
D:2:      uniq_sigmund, uniq_robin
D:3:      corexii_corridor_pit, wad_floor_pattern_2,
          nicolae_ru_great_annihilating_truth
D:6:      makhleb_heckhound_becter, serial_shops, nicolae_shop_window_shopping,
          kennysheep_generic_room_4

Skill      XL: |  1  2  3 |
---------------+----------+-----
Long Blades    | 2 |  2.8
Shields        | 3 |  3.0
Fighting       | |  3.5
Armour         | |  2.7
Dodging        | |  0.7

Action                   |  1- 3 |  4- 6 || total
-------------------------+-------+-------++-------
Melee: Long sword        |   201 |    54 ||   255
  Use: Scroll            |     1 |     4 ||     5
 Stab: Paralysed         |       |     1 ||     1
Armor: Scale mail        |    51 |    12 ||    63
Dodge: Dodged            |    43 |    12 ||    55
Block: Shield            |   101 |    27 ||   128
